 Dungeon Crawl Stone Soup version 0.14-a0-1626-g054e7ae (webtiles) character file.

122 M4edhros the Sneak (level 4, -1/28 HPs)
             Began as an Octopode Artificer on Dec 26, 2013.
             Was an Initiate of Zin.
             Slain by a phantom (10 damage)
             ... on Level 4 of the Dungeon.
             The game lasted 00:02:33 (739 turns).

M4edhros the Sneak (Octopode Artificer)              Turns: 739, Time: 00:02:34

HP  -1/28        AC  1     Str 10      XL: 4   Next: 69%
MP   6/6         EV 12     Int 15      God: Zin [......]
Gold 24          SH  0     Dex 12      Spells:  0 memorised,  3 levels left

rFire  . . .     SeeInvis .     a - +0 short sword
rCold  . . .     Clarity  .     (no shield)
rNeg   . . .     Conserve .     (helmet restricted)
rPois  .         rCorr    .     (no amulet)
rElec  .         rRot     .     o - ring of wizardry
SustAb . .       Spirit   .     (no ring)
rMut   .         Warding  .     (no ring)
Saprov . . .     Stasis   .     (no ring)
                                (no ring)
                                (no ring)
                                (no ring)
                                (no ring)

@: slightly resistant to hostile enchantments, very stealthy
A: almost no armour, amphibious, 8 rings, constrict 8, camouflage 1, gelatinous
body 1
a: Renounce Religion


You were on level 4 of the Dungeon.
You worshipped Zin.
Zin was noncommittal.
You were not hungry.

You visited 2 branches of the dungeon, and saw 5 of its levels.

You collected 26 gold pieces.
You donated 2 gold pieces.

Inventory:

Hand weapons
 a - a +0,+0 short sword (weapon)
 k - a cursed -3,-2 sling
 n - a +0 blowgun
Missiles
 m - 22 poisoned needles
Magical devices
 b - a wand of flame (7)
 c - a wand of enslavement (6)
 d - a wand of random effects (10)
Comestibles
 f - a bread ration
 j - a meat ration
Scrolls
 e - 3 scrolls of teleportation {unknown}
 g - a scroll of curse jewellery {unknown}
 h - a scroll of noise {unknown}
 i - a scroll of identify {unknown}
 p - a scroll of enchant armour {unknown}
Jewellery
 l - an uncursed amulet of resist corrosion {unknown}
 o - a ring of wizardry (left tentacle)


   Skills:
 - Level 1.0 Fighting
 - Level 1.0 Short Blades
 - Level 2.0 Dodging
 * Level 5.1 Stealth
 + Level 4.4 Evocations


You had 3 spell levels left.
You didn't know any spells.

Dungeon Overview and Level Annotations

Branches:
Dungeon (4/16)             Temple (1/1) D:4

Altars:
Cheibriados
Elyvilon
Nemelex Xobeh
Okawaru
Sif Muna
Yredelemnul
Zin
the Shining One


Innate Abilities, Weirdness & Mutations

You cannot wear most types of armour.
You are amphibious.
You can wear up to eight rings at the same time.
You can use your tentacles to constrict many enemies at once.
Your skin changes colour to match your surroundings (Stlth).
Your rubbery body absorbs attacks (AC +1).


Message History

The orc hits you with an orcish whip.
Evoke which item? (* to show all) (? for menu, Esc to quit)
Zapping:
b - a wand of flame (9)
Press: ? - help, Shift-Dir - straight line, f/p - orc priest
Aim: an orc priest, wielding an orcish club (almost dead)
The puff of flame hits the orc priest.
You kill the orc priest!
Your Stealth skill increases to level 5!
This wand has 8 charges left.
The orc barely misses you.
Read which item? (? for menu, Esc to quit)
Okay, then.
You aren't carrying any potions.
Evoke which item? (* to show all) (? for menu, Esc to quit)
Zapping:
b - a wand of flame (8)
Press: ? - help, Shift-Dir - straight line, f - orc
Aim: an orc, wielding an orcish whip and wearing an orcish leather armour The puff of flame hits the orc.
The orc is severely wounded.
This wand has 7 charges left.
The phantom hits you!
You die...

##############
#.@o.........
#p##.##.##.##
#%#......h..##.#
#..............#
###..⌠...⌠..##.#
###.........##.#
#......>..)....#
#.#.........####
#.#..⌠...⌠..#####


You could see a phantom and an orc.

Vanquished Creatures
  An orc priest (D:4)
  A water moccasin skeleton (D:4)
  A hound (D:4)
  3 orcs (D:4)
  2 giant cockroaches
  2 bats (D:1)
  A giant newt (D:1)
  A goblin (D:1)
  2 jackals (D:4)
  A kobold (D:3)
  2 rats
17 creatures vanquished.

Notes
Turn   | Place    | Note
--------------------------------------------------------------
     0 | D:1      | M4edhros, the Octopode Artificer, began the quest for the Orb.
     0 | D:1      | Reached XP level 1. HP: 13/13 MP: 1/1
   375 | D:4      | Noticed a water moccasin skeleton
   380 | D:4      | Killed a water moccasin skeleton
   380 | D:4      | Reached XP level 2. HP: 15/18 MP: 3/3
   380 | D:4      | Reached XP level 3. HP: 19/23 MP: 4/4
   438 | D:4      | Noticed a hound
   445 | D:4      | Killed a hound
   445 | D:4      | Reached skill level 4 in Stealth
   445 | D:4      | Reached XP level 4. HP: 28/28 MP: 4/6
   492 | D:4      | Noticed a phantom
   521 | D:4      | Found a staircase to the Ecumenical Temple.
   531 | Temple   | Entered the Ecumenical Temple
   663 | Temple   | Became a worshipper of Zin the Law-Giver
   709 | D:4      | Noticed an orc priest
   738 | D:4      | Killed an orc priest
   738 | D:4      | Reached skill level 5 in Stealth
   739 | D:4      | Slain by a phantom

Action                   |  1- 3 |  4- 6 || total
-------------------------+-------+-------++-------
Melee: Short sword       |    13 |    14 ||    27
Evoke: Wand              |     6 |    16 ||    22
  Use: Potion            |       |     2 ||     2
 Stab: Sleeping          |     1 |       ||     1
